 Dungeon Crawl Stone Soup version 0.29.1-1-gd02db6906a (webtiles) character file.

Game seed: 10391509080629332842

21476 Quingondo the Fighter (level 12, -2/121 HPs)
             Began as a Green Draconian Fighter on Sept 19, 2022.
             Was a High Priest of Okawaru.
             Slain by a dire elephant (33 damage)
             ... on level 2 of the Lair of Beasts.
             The game lasted 00:50:36 (15433 turns).

Quingondo the Fighter (Green Draconian Fighter)    Turns: 15433, Time: 00:50:37

Health: -2/121     AC: 14    Str: 26    XL:     12   Next: 54%
Magic:  16/19      EV: 18    Int:  7    God:    Okawaru [*****.]
Gold:   652        SH: 14    Dex: 13    Spells: 11/11 levels left

rFire   + + .      SeeInvis +   a - +1 trident
rCold   . . .      Faith    .   b - +1 buckler
rNeg    . . .      Spirit   .   (body armour unavailable)
rPois   +          Reflect  +   K - +0 hat of Okawaru's Whim {rF+ Dex-2 Slay+3 SInv}
rElec   .          Harm     .   i - +2 cloak
rCorr   +          Rampage  .   d - -1 pair of gloves of Card Tricks {+Blink Will+++ rCorr Str+3}
Will    +++..                   p - +2 pair of boots
Stlth   +++.......              m - amulet of reflection
HPRegen 0.30/turn               q - ring of magical power
MPRegen 0.16/turn               (no ring)

@: short of breath, heroic, on blink cooldown
A: breathe noxious fumes, AC +8, unfitting armour, poison resistance,
cold-blooded, agile 1, fire resistance 1, low MP 1, robust 1
a: Breathe Noxious Fumes, Renounce Religion, Evoke Blink, Heroism, Finesse, Duel


You were on level 2 of the Lair of Beasts.
You worshipped Okawaru.
Okawaru was extremely pleased with you.
You visited 2 branches of the dungeon, and saw 11 of its levels.

You collected 652 gold pieces.

Inventory:

Hand Weapons
 a - a +1 trident (weapon)
 s - a +2 short sword of venom
 w - a +2 whip of flaming
Armour
 b - a +1 buckler (worn)
 d - the -1 pair of gloves of Card Tricks (worn) {+Blink Will+++ rCorr Str+3}
   (You acquired it on level 1 of the Dungeon)

   Str:       It affects your strength (+3).
   +Blink:    It lets you blink.
   rCorr:     It protects you from acid and corrosion.
   Will:      It greatly increases your willpower.
 i - a +2 cloak (worn)
 p - a +2 pair of boots (worn)
 x - a +0 pair of gloves
 C - the +1 hat of Bedazzled Freedom {Will+ Regen+}
   (Okawaru gifted it to you on level 8 of the Dungeon)

   Regen:     It increases your rate of health regeneration.
   Will:      It increases your willpower.
 K - the +0 hat of Okawaru's Whim (worn) {rF+ Dex-2 Slay+3 SInv}
   (Okawaru gifted it to you on level 2 of the Lair of Beasts)

   Dex:       It affects your dexterity (-2).
   Slay:      It affects your accuracy & damage with ranged weapons and melee
   (+3).
   rF:        It protects you from fire.
   SInv:      It lets you see invisible.
Jewellery
 m - an amulet of reflection (around neck)
 n - a ring of protection from cold
 q - a ring of magical power (left hand)
 u - a ring of fire
 v - a ring of fire
 y - a +6 ring of intelligence
 F - a ring of fire
 L - a ring of magical power
Wands
 j - a wand of flame (78) (quivered)
 k - a wand of polymorph (23)
 r - a wand of roots (16)
Scrolls
 f - a scroll of blinking
 h - 13 scrolls of identify
 t - 3 scrolls of enchant armour
 D - a scroll of teleportation
 E - 2 scrolls of torment
 H - a scroll of magic mapping
 J - a scroll of noise {unknown}
Potions
 c - 2 potions of might
 e - 6 potions of curing
 g - 11 potions of degeneration
 l - a potion of heal wounds
 o - 3 potions of resistance
 z - 3 potions of brilliance
 A - a potion of haste
 G - 2 potions of attraction {unknown}
Miscellaneous
 B - a phial of floods


   Skills:
 * Level 11.5(16.5) Fighting
 + Level 7.4(12.4) Polearms
 * Level 9.7(14.7) Dodging
 * Level 10.5(15.5) Shields
 * Level 10.0 Evocations


You had 11 spell levels left.
You didn't know any spells.
Your spell library contained the following spells:

 Spells                   Type           Power      Damage    Failure   Level
 Sting                    Tmut/Pois      0%         1d3       45%         1
 Ensorcelled Hibernation  Hex/Ice        0%         N/A       61%         2
 Poisonous Vapours        Pois/Air       0%         N/A       61%         2
 Spider Form              Tmut/Pois      0%         N/A       83%         3
 Stone Arrow              Conj/Erth      0%         3d7       83%         3
 Anguish                  Hex/Necr       0%         N/A       99%         4
 Olgreb's Toxic Radiance  Pois           0%         N/A       99%         4
 Alistair's Intoxication  Tmut/Pois      0%         N/A       100%        5
 Borgnjor's Vile Clutch   Necr/Erth      0%         N/A       100%        5
 Eringya's Noxious Bog    Tmut/Pois      0%         N/A       100%        6
 Storm Form               Tmut/Air       0%         N/A       100%        7
 Lehudib's Crystal Spear  Conj/Erth      0%         10d2      100%        8
 Maxwell's Capacitive Co  Air            0%         ∞         100%        8
 Animate Armour           Summ/Erth      Unusable   N/A       N/A         4
 Summon Lightning Spire   Summ/Air       Unusable   N/A       N/A         4

Dungeon Overview and Level Annotations

Branches:
Dungeon (9/15)             Temple (0/1) D:7            Lair (2/5) D:8
  Snake (0/4) Lair:2
  Swamp: Lair:2-3    Shoals: Lair:2-3       Orc: D:9-12

Altars:
Okawaru
Yredelemnul

Shops:
D:1 [   D:3 =   D:8 :

Annotations:
D:3 Sigmund


Innate Abilities, Weirdness & Mutations

You can breathe blasts of noxious fumes.
Your lurid green scales are hard. (AC +8)
You cannot fit into any form of body armour.
Your system is resistant to poisons. (rPois)
You are cold-blooded and may be slowed by cold attacks.
You are agile. (Dex +4, Str/Int -1)
Your flesh is heat resistant. (rF+)
Your magical capacity is low. (-10% MP)
You are robust. (+10% HP)


Message History

The dire elephant resists with almost no effort.
The dire elephant attacks as you move away!
The dire elephant tramples you!
The dire elephant splashes around in the water.
As you read the scroll of fear, it crumbles to dust.
You assume a fearsome visage.
The dire elephant looks frightened!
The dire elephant seems to regain its courage.
Aiming: Polymorph
Press: ? - help, Q - select action, (/) - cycle Shift-Dir - straight line, f/p - dire elephant
Aim: a dire elephant (will become a fenstrider witch, an ettin, or a black draconian, chance to affect: 10%)
The dire elephant resists with almost no effort.
Aiming: Fastroot
Press: ? - help, Q - select action, (/) - cycle Shift-Dir - straight line, f/p - dire elephant
Aim: a dire elephant (water)
The roots erupt in riotous growth!
The dire elephant is unaffected.
Roots grab the fungus.
The grasping roots constrict the fungus.
The fungus begins to die.
The grasping roots constrict the fungus!!
The roots release their grip on the fungus.
A nearby fungus withers and dies.
Aiming: Throw Flame
Press: ? - help, Q - select action, (/) - cycle Shift-Dir - straight line, f/p - dire elephant
Aim: a dire elephant (water, 100% to hit)
The puff of flame hits the dire elephant!
The dire elephant is lightly wounded.
Aiming: Breathe Noxious Fumes (2% risk of failure)
Press: ? - help, Shift-Dir - straight line, p - dire elephant You exhale a blast of noxious fumes.
The blast of choking fumes hits the dire elephant.
The dire elephant is lightly wounded.
The dire elephant is engulfed in noxious fumes.
The dire elephant tramples you!!
* * * LOW HITPOINT WARNING * * *
You stumble backwards!
You gain the combat prowess of a mighty hero.
The dire elephant misses you.
The dire elephant trunk-slaps you but does no damage.
You blink.
The dire elephant tramples you!!
You die...

#≈~≈##.♣≈~~♣P~≈≈≈≈≈≈≈~~...
#~~#.♣~~~♣♣~≈≈≈≈≈≈≈≈~~...
##~##♣~≈~♣♣≈≈≈~~~≈≈~~~.(.
≈~~~# #≈~≈≈≈≈≈~.~~~~~~....
#~~~# #~≈≈≈≈≈≈~..~~~.†....
#~## #~~§≈≈≈~..........♣♣
#~~# #♣♣~~~~~.........♣♣♣♣
#~~≈k##.♣.°~~...÷....P♣♣
♣. #~..Y#.#..@.......P.♣♣♣
♣♣♣ #.?)k##♣♣.Y....P.P♣♣♣
♣♣.. #8:}8# ♣♣§P...♣♣♣♣
♣♣♣... ##### ♣♣♣♣♣♣♣
♣.....
♣♣♣♣♣♣♣♣♣♣♣♣♣♣♣♣.....
♣.........♣♣(♣♣......
♣....................
#....................
##....................


You could see a dire elephant.

Vanquished Creatures
  4 hydras
  A two-headed ogre (D:9)
  3 death yaks (D:8)
  Pikel (D:6)
  4 black mambas
  A cyclops (D:9)
  4 elephants (Lair:2)
  Joseph (D:8)
  Maurice (D:8)
  A cane toad (Lair:2)
  2 gargoyles
  3 rime drakes (Lair:2)
  8 komodo dragons
  8 blink frogs (Lair:2)
  2 wyverns
  12 yaks
  2 basilisks (Lair:2)
  3 nagas (Lair:2)
  Duvessa (D:5)
  5 water moccasins
  2 ice beasts
  2 sky beasts
  A black bear (Lair:2)
  4 ogres
  16 wolves
  2 centaurs
  4 lemures (D:7)
  A kobold brigand (D:7)
  A gnoll sergeant (D:8)
  5 bullfrogs
  A scorpion (D:6)
  Dowan (D:5)
  4 killer bees (D:8)
  An electric eel (Lair:2)
  6 howler monkeys (D:7)
  5 hounds
  6 orc priests
  A gnoll bouda (D:7)
  Jessica (D:3)
  7 iguanas
  Ijyb (D:3)
  2 orc wizards
  11 gnolls
  A river rat (D:8)
  10 adders
  2 ufetubi
  6 dart slugs
  26 orcs
  2 endoplasms
  A giant cockroach (D:2)
  8 goblins
  5 hobgoblins
  4 jackals (D:1)
  6 kobolds
  3 quokkas
  7 ball pythons
  15 bats
  5 frilled lizards
  4 rats
257 creatures vanquished.

Vanquished Creatures (collateral kills)
  2 killer bees (D:8)
2 creatures vanquished.

Vanquished Creatures (others)
  5 fungi (Lair:2)
  27 plants
  9 toadstools (Lair:2)
41 creatures vanquished.

Grand Total: 300 creatures vanquished

Notes
Turn   | Place    | Note
-------+----------+-------------------------------------------
     0 | D:1      | Quingondo the Draconian Fighter began the quest for the
                  | Orb.
     0 | D:1      | Reached XP level 1. HP: 19/19 MP: 1/1
    22 | D:1      | Identified a scroll of acquirement
    23 | D:1      | Acquired the -1 pair of gloves of Card Tricks {+Blink
                  | Will+++ rCorr Str+3}
   341 | D:1      | Gained mutation: Your magical capacity is low. (-10% MP)
                  | [potion of mutation]
   341 | D:1      | Gained mutation: Your flesh is heat resistant. (rF+)
                  | [potion of mutation]
   341 | D:1      | Gained mutation: You are agile. (Dex +4, Str/Int -1)
                  | [potion of mutation]
   341 | D:1      | Gained mutation: You are robust. (+10% HP) [potion of
                  | mutation]
   365 | D:1      | Reached XP level 2. HP: 26/28 MP: 1/1
   641 | D:1      | Reached skill level 1 in Evocations
   736 | D:1      | Found Tulo's Armour Shoppe.
   949 | D:2      | Reached XP level 3. HP: 22/36 MP: 2/2
  1409 | D:2      | Found a faded altar of an unknown god.
  1584 | D:3      | Reached XP level 4. HP: 27/44 MP: 3/3
  1734 | D:3      | Noticed Ijyb
  1736 | D:3      | Noticed Jessica
  1748 | D:3      | Killed Ijyb
  1751 | D:3      | Reached skill level 4 in Fighting
  1756 | D:3      | Killed Jessica
  1768 | D:3      | Reached XP level 5. HP: 26/50 MP: 4/4
  2237 | D:3      | Found Unoum's One-of-a-Kind Rings.
  2287 | D:3      | Noticed Sigmund
  3908 | D:5      | Entered Level 5 of the Dungeon
  3957 | D:5      | Reached XP level 6. HP: 58/58 MP: 5/5
  4525 | D:5      | Noticed Dowan
  4526 | D:5      | Noticed Duvessa
  4672 | D:5      | Killed Duvessa
  4688 | D:5      | Killed Dowan
  4860 | D:5      | Reached skill level 5 in Fighting
  4860 | D:5      | Your scales start taking on a lurid green colour.
  4860 | D:5      | Reached XP level 7. HP: 22/67 MP: 6/6
  4860 | D:5      | Gained mutation: Your system is resistant to poisons.
                  | (rPois) [Green Draconian growth]
  5183 | D:5      | Found a basalt altar of Yredelemnul.
  5630 | D:6      | Reached skill level 5 in Shields
  5804 | D:6      | Reached XP level 8. HP: 77/77 MP: 7/7
  5956 | D:6      | Found an iron altar of Okawaru.
  5985 | D:6      | Became a worshipper of Warmaster Okawaru
  6103 | D:6      | Reached skill level 5 in Dodging
  6126 | D:6      | Reached skill level 6 in Fighting
  6539 | D:7      | Noticed Pikel
  6768 | D:7      | Found a staircase to the Ecumenical Temple.
  6841 | D:7      | Reached * piety under Okawaru
  6852 | D:7      | Reached skill level 5 in Evocations
  7147 | D:6      | Killed Pikel
  7147 | D:6      | Reached ** piety under Okawaru
  7148 | D:6      | Reached skill level 7 in Fighting
  7148 | D:6      | Reached XP level 9. HP: 65/86 MP: 8/8
  7853 | D:8      | Noticed Joseph
  7892 | D:8      | Killed Joseph
  8103 | D:8      | Found a staircase to the Lair.
  8104 | D:8      | Noticed a death yak
  8104 | D:8      | Noticed a death yak
  8105 | D:8      | Noticed a death yak
  8141 | D:8      | Killed a death yak
  8141 | D:8      | Reached *** piety under Okawaru
  8142 | D:8      | Reached skill level 8 in Fighting
  8142 | D:8      | Reached skill level 5 in Polearms
  8370 | D:8      | Noticed a five-headed hydra
  8611 | D:9      | Noticed a gargoyle
  8629 | D:9      | Killed a gargoyle
  8630 | D:9      | Reached XP level 10. HP: 65/96 MP: 9/9
  8754 | D:9      | Noticed a cyclops
  8771 | D:9      | Killed a cyclops
  8937 | D:9      | Noticed a two-headed ogre
  8948 | D:9      | Killed a two-headed ogre
  8948 | D:9      | Reached **** piety under Okawaru
  9579 | D:8      | Killed a death yak
  9597 | D:8      | Killed a death yak
  9597 | D:8      | Reached ***** piety under Okawaru
  9598 | D:8      | Reached skill level 9 in Fighting
  9988 | D:8      | Killed a five-headed hydra
 10434 | D:8      | Found Aroffu's Book Shop.
 10510 | D:8      | Identified the +1 hat of Bedazzled Freedom {Will+ Regen+}
                  | (Okawaru gifted it to you on level 8 of the Dungeon)
 10510 | D:8      | Received a gift from Okawaru
 10536 | D:8      | Reached XP level 11. HP: 88/106 MP: 9/9
 11429 | D:8      | Noticed Maurice
 11444 | D:8      | Killed Maurice
 11560 | Lair:1   | Entered Level 1 of the Lair of Beasts
 11795 | Lair:1   | Noticed a six-headed hydra
 11824 | Lair:1   | Killed a six-headed hydra
 11825 | Lair:1   | Reached skill level 10 in Fighting
 12004 | Lair:1   | Noticed a seven-headed hydra
 12138 | Lair:1   | Killed a seven-headed hydra
 12893 | Lair:2   | Identified the +0 hat of Okawaru's Whim {rF+ Dex-2 Slay+3
                  | SInv} (Okawaru gifted it to you on level 2 of the Lair of
                  | Beasts)
 12893 | Lair:2   | Received a gift from Okawaru
 13082 | Lair:2   | Reached XP level 12. HP: 78/118 MP: 10/10
 13367 | Lair:2   | Reached skill level 10 in Shields
 13466 | Lair:2   | Reached skill level 11 in Fighting
 13833 | Lair:2   | Found a staircase to the Snake Pit.
 14707 | Lair:2   | Noticed a five-headed hydra
 14733 | Lair:2   | Killed a five-headed hydra
 14861 | Lair:2   | Identified the +4 scale mail of Broken Taboos {rF- Str+7
                  | Int+8}
 15239 | Lair:2   | Noticed a dire elephant
 15279 | Lair:2   | Found a runed translucent door.
 15301 | Lair:2   | Reached skill level 10 in Evocations
 15433 | Lair:2   | Slain by a dire elephant

Illustrated notes

Levels and vault maps discovered:
D:1:      dpeg_arrival_water_temple_mockup, layout_basic, serial_shops,
          nicolae_shop_waterfront, minivault_4, minmay_unequal
D:2:      layout_rooms, basic_ecumenical_altar
D:3:      layout_loops_ring, hangedman_decor_growths, nicolae_shop_unique_rings,
          uniq_jessica, uniq_sigmund, uniq_ijyb
D:4:      layout_cave_pods, minmay_lizard_king
D:5:      layout_cave_pods, kennysheep_mini, guppyfry_early_lair_pool,
          uniq_duvessa
D:6:      layout_basic, okawaru_trees_2, roderic_batcave
D:7:      layout_loops_cross, temple_pool_b, enter_bailey_7, uniq_pikel
D:8:      layout_basic, dpeg_lair_monsters, serial_shops, kennysheep_little_box,
          minivault_11, uniq_joseph, uniq_maurice
D:9:      layout_basic, minivault_20
Lair:1:   layout_misc_corridors
Lair:2:   gammafunk_lair_enchanted_lake, layout_regular_city,
          guppyfry_snake_entry_island, serial_bayou_shore_a

Skill      XL: |  1  2  3  4  5  6  7  8  9 10 11 12 |
---------------+-------------------------------------+-----
Evocations     | 1 2 3 4 5 6 7 9 10 | 10.0
Dodging        | 3 4 5 6 7 9 |  9.7
Fighting       | 4 5 7 8 9 10 11 | 11.5
Shields        | 4 5 6 7 8 9 10 | 10.5
Polearms       | 3 4 5 6 7 |  7.4

Action                   |  1- 3 |  4- 6 |  7- 9 | 10-12 || total
-------------------------+-------+-------+-------+-------++-------
Melee: Trident           |    98 |   212 |   350 |   709 ||  1369
       Tailslap          |     7 |    30 |    54 |   159 ||   250
Invok: Heroism           |       |       |     1 |     5 ||     6
 Abil: Evoke Blink       |       |     2 |     2 |     2 ||     6
       Breathe Noxious F |       |       |    12 |    25 ||    37
Evoke: Wand              |       |       |       |    11 ||    11
  Use: Potion            |     8 |     7 |     4 |     1 ||    20
       Scroll            |     4 |     4 |     7 |     5 ||    20
 Stab: Sleeping          |     2 |       |     1 |       ||     3
       Confused          |       |       |     9 |    12 ||    21
Armor: Skin              |    24 |    70 |   100 |   192 ||   386
Dodge: Dodged            |    67 |   124 |   199 |   437 ||   827
Block: Buckler           |    19 |   121 |   261 |   508 ||   909
       Reflection        |       |     5 |     4 |     4 ||    13
